 Dungeon Crawl Stone Soup version 0.29.0-7-g18a832c13a (webtiles) character file.

Game seed: 16396357860470781732

1 sanka the Trooper (level 1, -2/18 HPs)
             Began as a Djinni Chaos Knight on Aug 30, 2022.
             Was a Plaything of Xom.
             Slain by a rat (3 damage)
             ... on level 1 of the Dungeon.
             The game lasted 00:00:19 (128 turns).

sanka the Trooper (Djinni Chaos Knight)              Turns: 128, Time: 00:00:20

Health: -2/18      AC:  5    Str: 11      XL:     1   Next: 22%
Gold:   35         EV: 11    Int: 12 (13) God:    Xom [*.....] SH:  0 Dex: 10 (12)

rFire   + + .      SeeInvis .   a - +0 falchion (chaos)
rCold   x . .      Faith    .   (no shield)
rNeg    . . .      Spirit   .   b - +2 leather armour
rPois   ∞          Reflect  .   (no helmet)
rElec   .          Harm     .   (no cloak)
rCorr   .          Rampage  .   (no gloves)
Will    +....                   (boots unavailable)
Stlth   +.........              (no amulet)
HPRegen 0.06/turn               (no ring)
MPRegen 0.00/turn               e - ring of willpower

@: flying
A: sickness immunity, fire resistance 2, cold vulnerability 1, float, innate
caster, HP casting, extra vitality 1, deterioration 1, frail 1, mutation
resistance 1, screaming 1
a: Renounce Religion


You were on level 1 of the Dungeon.
You worshipped Xom.
You were a special plaything of Xom.
You visited 1 branch of the dungeon, and saw 1 of its levels.

You collected 35 gold pieces.


Innate Abilities, Weirdness & Mutations

You are immune to sickness and miasma.
You are immune to poison.
Your flesh is very heat resistant. (rF++)
You are vulnerable to cold. (rC-)
You float through the air rather than walking.
You learn spells naturally, not from books.
Your magical power is your life essence.
You have superior vitality. (+4 MHP)
Your body sometimes deteriorates upon taking damage.
You are frail. (-10% HP)
You are somewhat resistant to further mutation.
You occasionally shout uncontrollably at your foes.


   Skills:
 - Level 3.0 Fighting
 + Level 2.8 Long Blades
 - Level 1.0 Armour
 - Level 2.1 Dodging


You couldn't memorise any spells.
You didn't know any spells.
Your spell library was empty.

Inventory:

Hand Weapons
 a - a +0 falchion of chaos (weapon)
Armour
 b - a +2 leather armour (worn)
Jewellery
 e - a ring of willpower (right hand)
Potions
 d - a potion of haste {unknown}
Miscellaneous
 c - a piece from Xom's chessboard (15/15) (quivered)

Dungeon Overview and Level Annotations

Branches:
Dungeon (1/15)

Altars:

▒.▒▒▒▒...▒▒▒
▒▒▒▒▒▒...........
▒▒▒▒▒.....▒▒▒▒.......
▒▒▒.......▒.▒ ▒.▒▒▒▒
▒.........▒.▒ .
▒▒.▒.▒▒▒.▒.▒.▒ ▒▒
.!....£..▒.▒.▒
▒▒.▒.▒r......▒
▒.R▒▒..▒▒ ▒...r....▒
▒▒▒......▒ ........▒
.▒.........
▒.▒▒.▒..▒.▒. ▒
▒....▒.▒ ▒.▒▒.▒ ▒


You could see a quokka and a rat.


Message History

You feel dopey. The quokka barely misses you.
Unknown command.
You hit the quokka but do no damage. The rat barely misses you.
The quokka bites you.
* * * LOW HITPOINT WARNING * * *
The rat closely misses you.
Unknown command.
You hit the quokka. You freeze the quokka.
The quokka is heavily wounded.
The quokka bites you.
* * * LOW HITPOINT WARNING * * *
The rat closely misses you.
Unknown command.
You closely miss the quokka.
The quokka is heavily wounded.
The quokka closely misses you. The rat closely misses you.
The quokka bites you.
* * * LOW HITPOINT WARNING * * *
Your body deteriorates!
You feel clumsy.
You barely miss the quokka.
The quokka is heavily wounded.
The quokka bites you but does no damage.
The rat bites you.
You die...
Xom yawns loudly!

Action                   || total
-------------------------++-------
Melee: Falchion          ||    11
Armor: Leather armour    ||     5
Dodge: Dodged            ||    10

Levels and vault maps discovered:
D:1:      dpeg_arrival_tiny_f, layout_loops_cross

Notes
Turn   | Place    | Note
-------+----------+-------------------------------------------
     0 | D:1      | sanka the Djinni Chaos Knight began the quest for the Orb.
     0 | D:1      | Reached XP level 1. HP: 20/20 MP: 0/0
    80 | D:1      | XOM: silly message
   121 | D:1      | XOM: give mutations
   121 | D:1      | Gained mutation: You occasionally shout uncontrollably at
                  | your foes. [Xom's mischief]
   121 | D:1      | Gained mutation: Your body sometimes deteriorates upon
                  | taking damage. [Xom's mischief]
   121 | D:1      | Gained mutation: You are frail. (-10% HP) [Xom's mischief]
   121 | D:1      | Gained mutation: You are somewhat resistant to further
                  | mutation. [Xom's mischief]
   127 | D:1      | HP: 1/18 [quokka (3)]
   128 | D:1      | Slain by a rat

Vanquished Creatures
  A goblin (D:1)
1 creature vanquished.
